 Dungeon Crawl Stone Soup version 0.31.0-9-g3a7656b989 (webtiles) character file.

Game seed: 986974600145535327

240 qw the Skirmisher (level 5, -3/30 HPs)
             Began as a Deep Elf Hunter on Feb 2, 2024.
             Slain by an ogre
             ... wielding a +0 giant spiked club
              (19 damage)
             ... on level 4 of the Dungeon.
             The game lasted 00:00:10 (2251 turns).

qw the Skirmisher (Deep Elf Hunter)                 Turns: 2251, Time: 00:00:10

Health: -3/30      AC:  6    Str: 10    XL:     5   Next: 79%
Magic:  7/7        EV: 11    Int: 14    God:
Gold:   197        SH:  0    Dex: 18    Spells: 4/4 levels left

rFire   . . .        a - +4 hand cannon (heavy)
rCold   . . .        (no shield)
rNeg    . . .        j - +0 ring mail
rPois   .            e - +0 helmet
rElec   .            (no cloak)
rCorr   .            (no gloves)
SInv    .            (no boots)
Will    .....        (no amulet)
Stlth   +            (no ring)
HPRegen 0.25/turn    (no ring)
MPRegen 0.10/turn

%: no passive effects
@: hasted, very quick
A: talons 1
a: no special abilities


You were on level 4 of the Dungeon.
You visited 1 branch of the dungeon, and saw 4 of its levels.

You collected 197 gold pieces.


Innate Abilities, Weirdness & Mutations

You have sharp toenails.


   Skills:
 - Level 2.1 Fighting
 + Level 9.1 Ranged Weapons
 - Level 2.4 Dodging
 - Level 1.2 Stealth


You had 4 spell levels left.
You didn't know any spells.
Your spell library was empty.

Inventory:

Hand Weapons
 a - a +4 heavy hand cannon (weapon)
Armour
 e - a +0 helmet (worn)
 j - a +0 ring mail (worn)
Wands
 l - a wand of mindburst (16)
Scrolls
 g - a scroll of enchant armour {unknown}
Potions
 b - 2 potions of mutation
 c - a potion of haste
 d - 2 potions of heal wounds
 f - a potion of curing
 h - a potion of brilliance {unknown}
 i - a potion of might {unknown}
 k - a potion of invisibility {unknown}

Dungeon Overview and Level Annotations

Branches:
Dungeon (4/15)
 Temple: D:4-7

Altars:
Cheibriados
Sif Muna

Shops:
D:2 [


Message History

You shoot a bolt. The bolt closely misses the kobold.
The kobold closely misses you.
You shoot a bolt. The bolt hits the kobold!
You kill the kobold!
Items here: %% ( ).
A dart slug comes into view.
You shoot a bolt. The bolt hits the dart slug!!
You kill the dart slug!
A quokka comes into view.
You shoot a bolt. The bolt hits the quokka!
You kill the quokka!
l - a wand of mindburst (16)
You open the door.
There is an open door here.
You open the door.
There is an open door here.
There is an open door here.
There is an open door here.
You see here 8 stones.
There is an open door here.
Found a stone staircase leading down.
There is an open door here.
You see here 5 stones.
You see here an iguana skeleton.
You open the large door.
There is a large open door here.
There is a large open door here.
A quokka and an ogre come into view.
The ogre shouts!
The ogre completely misses you.
2249 ||| DRINKING 2 potions of haste.
You feel yourself speed up. The ogre closely misses you.
You shoot a bolt. The bolt hits the ogre!
The ogre is heavily wounded.
The ogre hits you with a +0 giant spiked club!
You shoot a bolt. The bolt hits the ogre!
The ogre is almost dead.
The ogre hits you with a +0 giant spiked club!!
Ouch! That really hurt!
You die...

...####.........#
...''##...<.....# ####
......#.#....#### .....
...........#.#### .....
##...........##.+......
##.#...######...#......
.#.#........##.........
.#%......##.###ยค#######
..##......### ##@###
..#........##.rO0..#
.....##.....######.##
..)..##.##..........#
#.#...#.............####
..#....#######.........#
###.#..#....##.........#
#....#....##.........#
###..#....##.........#


You could see an ogre and a quokka.

Vanquished Creatures
  A hound (D:4)
  An orc priest (D:4)
  Jessica (D:3)
  An iguana (D:4)
  A sleepcap (D:4)
  2 adders (D:4)
  2 dart slugs
  3 ribbon worms
  9 orcs
  8 bats
  7 endoplasms
  6 goblins
  5 hobgoblins
  9 kobolds
  A quokka (D:4)
  5 ball pythons
  3 frilled lizards
  5 rats
70 creatures vanquished.

Notes
Turn   | Place    | Note
-------+----------+-------------------------------------------
     0 | D:1      | qw the Deep Elf Hunter began the quest for the Orb.
     0 | D:1      | Reached XP level 1. HP: 12/12 MP: 3/3
     0 | D:1      | 0 ||| qw: Version: 0.3-a-155-g5e7d8dd
     0 | D:1      | 0 ||| qw: Game counter: 873
     0 | D:1      | 0 ||| qw: Melee chars always use a shield: true
     0 | D:1      | 0 ||| qw: God list: Okawaru
     0 | D:1      | 0 ||| qw: Allow faded altars: false
     0 | D:1      | 0 ||| qw: Do Orc after clearing Dungeon:15 true
     0 | D:1      | 0 ||| qw: Do second Lair branch before Depths: true
     0 | D:1      | 0 ||| qw: Lair rune preference: random
     0 | D:1      | 0 ||| qw: Goals: Normal
     0 | D:1      | 0 ||| PLANNING D:1-11
   167 | D:1      | Reached XP level 2. HP: 13/16 MP: 4/4
   179 | D:1      | You fall into a shaft and drop 1 floor!
   189 | D:2      | Reached skill level 6 in Ranged Weapons
   255 | D:2      | Found Otorepet's Armour Boutique.
   260 | D:2      | 260 ||| SHOPLISTING +0 ring mail (48 gold, have 21).
   260 | D:2      | 260 ||| SHOPLISTING +3 robe of Yresh {rCorr Str+3} (415
                  | gold, have 21).
   271 | D:2      | 271 ||| UPGRADING to +0 helmet.
   276 | D:2      | 276 ||| UPGRADING to +0 scale mail.
   286 | D:2      | 286 ||| DROPPING +0 leather armour.
   287 | D:2      | 287 ||| DROPPING scroll of butterflies.
   531 | D:1      | 531 ||| READING scroll labelled TUACUL FIREUF.
   532 | D:1      | 532 ||| READING scroll labelled LAPEF ZUNG.
   532 | D:1      | 532 ||| IDENTIFYING metallic orange potion
   533 | D:1      | 533 ||| DROPPING potion of degeneration.
   755 | D:2      | Reached XP level 3. HP: 20/20 MP: 5/5
   785 | D:2      | 785 ||| SWAPPING to +0 longbow.
   786 | D:2      | 786 ||| DROPPING +0 shortbow.
   794 | D:2      | Found a faded altar of an unknown god.
  1019 | D:2      | 1019 ||| READING scroll of identify.
  1019 | D:2      | 1019 ||| IDENTIFYING fuming inky potion
  1020 | D:2      | 1020 ||| READING scroll labelled NIKHLE QICH.
  1021 | D:2      | 1021 ||| DRINKING 3 fizzy blue potions.
  1021 | D:2      | Gained mutation: You have sharp toenails. [potion of
                  | mutation]
  1022 | D:2      | 1022 ||| DRINKING 2 amethyst potions.
  1023 | D:2      | 1023 ||| DRINKING 2 purple potions.
  1048 | D:3      | Noticed Jessica
  1049 | D:3      | Killed Jessica
  1050 | D:3      | Reached skill level 7 in Ranged Weapons
  1085 | D:3      | Found a snail-covered altar of Cheibriados.
  1186 | D:3      | HP: 1/20 [ribbon worm (5)]
  1187 | D:3      | 1187 ||| DRINKING 3 potions of heal wounds.
  1193 | D:3      | Reached XP level 4. HP: 25/25 MP: 6/6
  1632 | D:3      | 1632 ||| UPGRADING to +0 ring mail.
  1642 | D:3      | 1642 ||| DROPPING +0 scale mail.
  1643 | D:3      | 1643 ||| READING scroll labelled FUDEAG MAPTE.
  1643 | D:3      | Identified a scroll of acquirement
  1643 | D:3      | 1643 ||| ACQUIRING +4 heavy hand cannon
  1643 | D:3      | Acquired a +4 heavy hand cannon
  1645 | D:3      | 1645 ||| SWAPPING to +4 heavy hand cannon.
  1646 | D:3      | 1646 ||| DROPPING +0 longbow.
  1687 | D:4      | 1687 ||| STAIRDANCE
  1703 | D:4      | Reached skill level 8 in Ranged Weapons
  1852 | D:4      | Reached XP level 5. HP: 29/29 MP: 7/7
  1904 | D:4      | Reached skill level 9 in Ranged Weapons
  2066 | D:4      | Found a shimmering blue altar of Sif Muna.
  2248 | D:4      | Noticed an ogre
  2249 | D:4      | 2249 ||| DRINKING 2 potions of haste.
  2251 | D:4      | Slain by an ogre

Levels and vault maps discovered:
D:1:      psy_arrival_terrarium, layout_rooms
D:2:      layout_loops_cross, serial_shops, shop,
          hellmonk_ecumenical_altar_arch_garden
D:3:      layout_rooms, mainiacjoe_overflow_small_starburst, minmay_ruptured,
          uniq_jessica
D:4:      layout_basic, mainiacjoe_overflow_alcove_2, minmay_cut_off

Skill      XL: |  1  2  3  4  5 |
---------------+----------------+-----
Ranged Weapons | 6 7 8 9 |  9.1
Fighting       | 2 |  2.1
Dodging        | |  2.4
Stealth        | |  1.2

Action                     |  1- 3 |  4- 6 || total
---------------------------+-------+-------++-------
   Fire: Shortbow          |    53 |       ||    53
         Longbow           |    30 |    28 ||    58
         Hand cannon       |       |    32 ||    32
    Use: Scroll            |     4 |     1 ||     5
         Potion            |     4 |     1 ||     5
 Armour: Leather armour    |     2 |       ||     2
         Scale mail        |    32 |     5 ||    37
         Ring mail         |       |    13 ||    13
  Dodge: Dodged            |    21 |    13 ||    34

Table legend:
 A = Non-vault XP
 B = Vault XP
 C = Vault XP percentage of total XP
 D = Non-vault monster count
 E = Vault monster count
 F = Vault count percentage of total count
                 A         B        C        D         E       F
            +---------+---------+-------+---------+---------+-------
      Total |     303 |      40 |  11.7 |      67 |       3 |   4.3
            +---------+---------+-------+---------+---------+-------
        D:1 |      21 |       0 |   0.0 |      14 |       0 |   0.0
        D:2 |      23 |       0 |   0.0 |      11 |       0 |   0.0
        D:3 |      45 |      40 |  47.1 |      22 |       3 |  12.0
        D:4 |     214 |       0 |   0.0 |      20 |       0 |   0.0
            +---------+---------+-------+---------+---------+-------
